AoeStats
← Solboss

Lombardia

509186743Analyzed
2v2 RM · 7d ago on Sep 25, 2026· 38m 55s· 4 players
Game mode
Random Map
Map size
Medium (4 player)
Population
200
Speed
Normal
Resources
Standard
Victory
Conquest
Starting age
Dark Age
Ending age
Imperial Age
RankedLock teamsTeams togetherTeam positionsShared explorationLock speedFull tech treeHidden civsTurbo modeCheats
Victory
Defeat
🇬🇧 Dravidians · United Kingdom
981
+16
🇭🇰 Slavs · Hong Kong SAR China
978
+16
🇬🇧 Malians · United Kingdom
988
-16
🇬🇧 Franks · United Kingdom
979
-16
vincentballack
3:32 Loom
11:11 Feudal Age
11:38 Double-Bit Axe
12:29 Horse Collar
16:19 Man-at-Arms
22:48 Castle Age
20:42 Gold Mining
21:39 Stone Mining
22:14 Forging
22:55 Long Swordsman
25:10 Bow Saw
25:21 Scale Mail Armor
28:25 Pikeman
30:28 Chain Mail Armor
33:18 Scale Barding Armor
35:00 Wheelbarrow
38:54 Imperial Age
36:32 Fletching
37:13 Husbandry
39:21 Hand Cart
HighTowerM8
0:27 Loom
10:58 Feudal Age
11:32 Double-Bit Axe
11:32 Horse Collar
17:48 Castle Age
17:52 Stone Mining
18:52 Heavy Plow
26:18 Pikeman
27:38 Forging
27:29 Scale Mail Armor
30:12 Iron Casting
29:43 Scale Barding Armor
29:54 Chain Mail Armor
29:57 Husbandry
30:58 Wheelbarrow
34:44 Imperial Age
33:38 Hand Cart
33:49 Fletching
34:20 Chain Barding Armor
34:19 Gold Mining
35:30 Siege Elephant
35:46 Light Cavalry
37:26 Medical Corps
39:33 Conscription
Solboss
7:54 Loom
8:42 Loom
10:48 Feudal Age
11:22 Double-Bit Axe
11:27 Horse Collar
14:01 Man-at-Arms
15:45 Gold Mining
16:46 Man-at-Arms
18:18 Scale Mail Armor
22:12 Castle Age
20:42 Scale Barding Armor
20:53 Forging
21:34 Bloodlines
23:01 Wheelbarrow
23:05 Bow Saw
23:01 Heavy Plow
24:15 Husbandry
27:29 Long Swordsman
28:10 Squires
29:24 Chain Barding Armor
29:19 Chain Mail Armor
29:43 Hand Cart
31:00 Tigui
37:02 Imperial Age
Kingzzman
2:41 Loom
10:36 Feudal Age
19:46 Castle Age
19:02 Fletching
20:42 Double-Bit Axe
22:22 Elite Skirmisher
24:16 Padded Archer Armor
28:25 Forging
28:20 Scale Barding Armor
29:51 Scale Barding Armor
30:48 Wheelbarrow
35:34 Imperial Age
34:12 Bow Saw
35:39 Murder Holes
Connection lost

Rejoining the realm…

Still unreachable

The connection could not be restored.

Session expired

The server has moved on; the page needs a fresh start.